 Dungeon Crawl Stone Soup version 0.24.0-125-gc4c63601f3 (webtiles) character file.

Game seed: 8503425917781297950, levelgen mode: deterministic

9464 Amplified the Cleaver (level 11, -10/106 HPs)
             Began as a Deep Dwarf Ice Elementalist on Mar 13, 2020.
             Was an Elder of Makhleb.
             Killed from afar by Jorgrun (48 damage)
             ... with an iron shot
             ... on level 12 of the Dungeon on Mar 14, 2020.
             The game lasted 00:40:50 (10412 turns).

Amplified the Cleaver (DDIE)                       Turns: 10412, Time: 00:40:51

Health: -10/106    AC:  8    Str: 15    XL:     11   Next: 23%
Magic:  16/16      EV: 13    Int: 16    God:    Makhleb [****..]
Gold:   708        SH:  4    Dex: 13    Spells: 7/13 levels left

rFire    + . .     SeeInvis +   p - +1 trident (venom)
rCold    . . .     Gourm    .   (no shield)
rNeg     . . .     Faith    .   u - +0 robe of Leapfrog {rElec rCorr}
rPois    .         Spirit   .   q - +2 helmet
rElec    +         Reflect  .   r - +0 cloak
rCorr    +         Harm     .   (no gloves)
MR       ++...                  (no boots)
Stlth    ++........             j - amulet of rage
HPRegen  0.00/turn              i - ring of see invisible
MPRegen  0.15/turn              e - ring of protection from magic

@: non-regenerating
A: damage resistance, heal wounds, large bone plates 1, molten scales 1, fire
resistance 1, sense surroundings 2, wild magic 1, no regeneration
a: Heal Wounds, Minor Destruction, Lesser Servant of Makhleb, Major Destruction,
Renounce Religion, Evoke Berserk Rage


You were on level 12 of the Dungeon.
You worshipped Makhleb.
Makhleb was greatly pleased with you.
You were not hungry.

You visited 3 branches of the dungeon, and saw 14 of its levels.

You collected 708 gold pieces.

Inventory:

Hand Weapons
 a - a +0 battleaxe
 b - a +0 club
 d - a +0 whip
 h - a +0 war axe
 p - a +1 trident of venom (weapon)
 G - a +3 hunting sling
Missiles
 x - 37 poisoned darts
 y - a curare-tipped dart (quivered)
Armour
 q - a +2 helmet (worn)
 r - a +0 cloak (worn)
 u - the +0 robe of Leapfrog (worn) {rElec rCorr}
   (You found it on level 4 of the Dungeon)

   It insulates you from electricity.
   It provides partial protection from all sources of acid and corrosion.
 v - a +2 hat
 w - a +0 scale mail
Jewellery
 e - a ring of protection from magic (right hand)
 i - a ring of see invisible (left hand)
 j - an amulet of rage (around neck)
 m - an uncursed ring of stealth
 t - an uncursed ring of flight
 F - an uncursed amulet of harm
Wands
 l - a wand of flame (17)
 A - a wand of iceblast (2)
 E - a wand of digging (4)
Scrolls
 f - 7 scrolls of remove curse
 g - 2 scrolls of teleportation
 k - 5 scrolls of enchant weapon
 s - 2 scrolls of amnesia
Potions
 n - 3 potions of magic
 o - 4 potions of brilliance
 B - 2 potions of flight
Miscellaneous
 H - a sack of spiders
Comestibles
 c - 9 rations
 z - 18 chunks of flesh


   Skills:
 * Level 9.3 Fighting
 * Level 10.8 Axes
 - Level 1.8 Armour
 - Level 3.1 Dodging
 - Level 2.4 Stealth
 - Level 1.8 Spellcasting
 - Level 0.8 Conjurations
 - Level 2.7 Ice Magic
 * Level 10.5 Invocations
 - Level 7.4 Evocations


You had 7 spell levels left.
You knew the following spells:

 Your Spells              Type           Power        Failure   Level  Hunger
a - Freeze                Ice            ##..         11%         1    ##.....
b - Throw Frost           Conj/Ice       #.....       22%         2    ###....
c - Ozocubu's Armour      Chrm/Ice       #.......     45%         3    ####...

Your spell library contained the following spells:

 Spells                   Type           Power        Failure   Level  Hunger
 Ensorcelled Hibernation  Hex/Ice        #.....       26%         2    ###....
 Animate Skeleton         Necr           N/A          30%         1    ##.....
 Corona                   Hex            #......      30%         1    ##.....
 Pain                     Necr           #...         30%         1    ##.....
 Poisonous Vapours        Pois/Air       #.....       41%         2    ###....
 Conjure Flame            Conj/Fire      #.......     56%         3    ####...
 Dazzling Spray           Conj/Hex       #.....       56%         3    ####...
 Mephitic Cloud           Conj/Pois/Air  #.......     58%         3    ####...
 Confuse                  Hex            #.......     63%         3    ####...
 Tukima's Dance           Hex            #.......     63%         3    ####...
 Vampiric Draining        Necr           #.........   63%         3    ####...
 Throw Icicle             Conj/Ice       #.......     77%         4    #####..
 Summon Ice Beast         Ice/Summ       #.......     83%         4    #####..
 Animate Dead             Necr           N/A          95%         4    #####..
 Freezing Cloud           Conj/Ice/Air   #.........   100%        6    #######
 Ring of Flames           Chrm/Fire      #.........   100%        7    #######
 Regeneration             Chrm/Necr      Unusable     N/A         3    N/A

Dungeon Overview and Level Annotations

Branches:
Dungeon (12/15)            Temple (1/1) D:7            Lair (0/6) D:8
    Orc (1/2) D:10

Altars:
Ashenzari
Cheibriados
Dithmenos
Elyvilon
Fedhas
Gozag
Hepliaklqana
Kikubaaqudgha
Makhleb
Nemelex Xobeh
Okawaru
Qazlal
Ru
Sif Muna
Trog
Uskayaw
Vehumet
Wu Jian
Xom
Yredelemnul
Zin
The Shining One
Beogh

Annotations:
D:9 Keep on healing, 2 transporters
D:11 Josephine
D:12 Jorgrun, Rupert


Innate Abilities, Weirdness & Mutations

You are resistant to damage.
You can heal yourself by infusing magical energy.
You passively map the area around you.
You do not regenerate.
You are partially covered in large bone plates. (SH +4)
You are partially covered in molten scales. (AC +2)
Your flesh is heat resistant. (rF+)
Your spells are a little harder to cast, but a little more powerful.


Message History

You butcher the centaur corpse.
z - 18 chunks of flesh (gained 6)
Things that are here:
a +0 shortbow; 8 arrows; a centaur skeleton A wraith comes into view.
Josephine the Decaying Necromancer comes into view.
She is wielding a +0 dagger.
You see here an arrow.
Unknown command.
There are monsters nearby!
Unknown command.
Unknown command.
Things that are here:
a +0 shortbow; 8 arrows; a centaur skeleton
There is a stone staircase leading down here.
You climb downwards.
Level annotation: Jorgrun, Rupert Jorgrun shouts!
You hear an angry buzzing noise.
Jorgrun gestures at you while chanting. The iron shot hits you!!!
You die...

Y......#..., , , , #..
............. .. .#*
#..
.......#.....##.##,#.*
*#####.. ........c.
...>.... ,.......
......o##### .g..#. *
#######.# ...........#
,.... .........
###o######.# *..#,#*
*#.#.###.# #...#
#.#####.#.# , #.#
###.# #......@..# * *
#.#
#.####.#####......# *
#.#
#....#.....#.####.# *
#.# ####.#.###.#.# *
#.# #.#.# #.#.# , #.#
#.#.# #.#.# *
#.#.###.# #.#.# #.#..
, ......... #.#.#
#.#.# * ** #########
#.#.# #.# *


You could see Jorgrun.

Vanquished Creatures
  An unseen horror (D:10)
  An orc knight (D:10)
  A manticore (D:12)
  A troll (D:11)
  2 hippogriffs
  2 shadows (D:12)
  2 wyverns
  Eustachio (D:4)
  14 yaks
  A wraith (D:10)
  2 orc warriors
  A black bear (D:6)
  4 sky beasts
  8 ogres
  6 centaurs
  2 bullfrogs
  2 big kobolds
  A wyvern zombie (D:10)
  A wyvern skeleton (D:9)
  A scorpion (D:9)
  11 killer bees
  2 howler monkeys (D:10)
  5 crimson imps
  2 bullfrog zombies (D:5)
  2 jellies
  A quasit (D:7)
  9 orc priests
  4 hounds
  A centaur skeleton (D:8)
  6 iguanas
  6 orc wizards
  5 worker ants
  A hound zombie (D:5)
  A worker ant zombie (D:7)
  Robin (D:4)
  14 gnolls
  5 adders
  4 shadow imps
  An ooze (D:2)
  2 worms
  3 leopard geckos
  47 orcs
  5 bats
  9 giant cockroaches
  12 hobgoblins
  6 jackals
  4 quokkas
  A ball python (D:4)
  4 frilled lizards
  12 goblins
  A jackal skeleton (D:5)
  17 kobolds
  2 leopard gecko zombies (D:5)
  A quokka skeleton (D:9)
  5 rats
266 creatures vanquished.

Vanquished Creatures (collateral kills)
  A gargoyle (D:10)
  2 yaks
3 creatures vanquished.

Grand Total: 269 creatures vanquished

Notes
Turn   | Place    | Note
-------+----------+-------------------------------------------
     0 | D:1      | Amplified the Deep Dwarf Ice Elementalist began the quest
                  | for the Orb.
     0 | D:1      | Reached XP level 1. HP: 15/15 MP: 3/3
   420 | D:1      | Reached XP level 2. HP: 14/24 MP: 2/4
   534 | D:1      | Reached skill level 1 in Armour
   623 | D:1      | Learned a level 2 spell: Throw Frost
   667 | D:1      | Reached skill level 1 in Fighting
   920 | D:2      | Reached XP level 3. HP: 28/31 MP: 5/5
  1239 | D:2      | Reached skill level 1 in Evocations
  1471 | D:3      | Found a faded altar of an unknown god.
  1663 | D:4      | Noticed Eustachio
  1726 | D:4      | Reached XP level 4. HP: 33/38 MP: 3/6
  1727 | D:4      | Noticed an ogre
  1736 | D:4      | Killed an ogre
  1736 | D:4      | Reached skill level 1 in Axes
  1736 | D:4      | Reached XP level 5. HP: 45/45 MP: 4/7
  1742 | D:4      | Noticed an ogre
  1794 | D:4      | Got a distressingly furry robe
  1811 | D:4      | Identified the cursed +0 robe of Leapfrog {rElec rCorr}
                  | (You found it on level 4 of the Dungeon)
  1822 | D:4      | Killed an ogre
  1859 | D:4      | Reached XP level 6. HP: 13/55 MP: 1/8
  1913 | D:4      | Noticed Robin
  1974 | D:4      | Killed Robin
  2311 | D:4      | Killed Eustachio
  2436 | D:4      | Reached XP level 7. HP: 23/62 MP: 9/9
  2466 | D:5      | Entered Level 5 of the Dungeon
  2530 | D:5      | Reached skill level 5 in Evocations
  2637 | D:6      | HP: 3/62 [orc wizard/puff of flame (8)]
  3214 | D:7      | Reached skill level 5 in Axes
  3224 | D:7      | Learned a level 3 spell: Ozocubu's Armour
  3477 | D:7      | Found a staircase to the Ecumenical Temple.
  3490 | Temple   | Entered the Ecumenical Temple
  3770 | Temple   | Became a worshipper of Makhleb the Destroyer
  3884 | D:5      | Reached XP level 8. HP: 70/73 MP: 11/11
  4439 | D:3      | Reached * piety under Makhleb
  4465 | D:3      | Reached skill level 5 in Fighting
  4478 | D:3      | Found an iron altar of Okawaru.
  5212 | D:8      | Reached skill level 1 in Invocations
  5527 | D:8      | Reached ** piety under Makhleb
  5712 | D:8      | Found a staircase to the Lair.
  5713 | D:8      | Noticed a fire dragon
  6109 | D:9      | Gained mutation: You passively map the area around you.
                  | [Deep Dwarf growth]
  6109 | D:9      | Reached XP level 9. HP: 30/82 MP: 13/13
  6207 | D:9      | You fall into a shaft and drop 3 floors!
  6496 | D:12     | Noticed Rupert
  6565 | D:12     | Reached skill level 5 in Invocations
  6891 | D:12     | Noticed a manticore
  6903 | D:12     | Killed a manticore
  6903 | D:12     | Reached XP level 10. HP: 59/94 MP: 14/14
  6945 | D:12     | Gained mutation: You are partially covered in molten
                  | scales. (AC +2) [potion of mutation]
  6945 | D:12     | Gained mutation: Your flesh is heat resistant. (rF+)
                  | [potion of mutation]
  6945 | D:12     | Gained mutation: Your spells are a little harder to cast,
                  | but a little more powerful. [potion of mutation]
  6945 | D:12     | Gained mutation: You are partially covered in large bone
                  | plates. (SH +4) [potion of mutation]
  6959 | D:12     | Identified the +8 chain mail of the Grue {+Fly rN++ MR-
                  | rCorr}
  7014 | D:12     | Noticed Jorgrun
  7016 | D:11     | Noticed a gargoyle
  7026 | D:11     | Noticed a five-headed hydra
  7036 | D:10     | Entered Level 10 of the Dungeon
  7222 | D:10     | Noticed an unseen horror
  7228 | D:10     | Killed an unseen horror
  7558 | D:8      | Reached *** piety under Makhleb
  7972 | D:9      | Found a transporter.
  7999 | D:9      | Found the +7 mace of Variability {chain chaos}
  8000 | D:9      | Found a transporter.
  8070 | D:9      | Reached skill level 10 in Axes
  9056 | D:10     | Noticed an orc knight
  9559 | D:10     | Reached **** piety under Makhleb
  9559 | D:10     | Reached XP level 11. HP: 28/104 MP: 17/17
  9646 | D:10     | Killed an orc knight
  9646 | D:10     | Reached skill level 10 in Invocations
  9691 | D:10     | Found a roughly hewn altar of Beogh.
  9691 | D:10     | Found a staircase to the Orcish Mines.
 10069 | Orc:1    | Entered Level 1 of the Orcish Mines
 10209 | D:11     | HP: 5/106 [orc priest/divine providence (7)]
 10399 | D:11     | Noticed Josephine
 10412 | D:12     | Killed from afar by Jorgrun

Levels and vault maps discovered:
D:1:      nzn_arrival_crosshair, layout_rooms
D:2:      layout_rooms, first_ration, hex_tiny, small_statue_intersection
D:3:      layout_rooms, okawaru_ov_weapons_minmay,
          chequers_ecumenical_altar_simple
D:4:      layout_gridville, uniq_robin, uniq_eustachio
D:5:      layout_gridville
D:6:      layout_rooms
D:7:      layout_basic, minmay_temple_entry_slanted, minivault_10
D:8:      layout_basic, minmay_lair_entry_lava
D:9:      gammafunk_jiyva_shrine, layout_loops_ring
D:10:     layout_loops_ring, david_orc_5
D:11:     layout_loops_ring, uniq_josephine, uniq_nergalle, uniq_harold
D:12:     hangedman_what_comes_after_a, layout_basic, uniq_psyche, uniq_rupert,
          uniq_jorgrun
Temple:   roderic_octagonal_lattice_temple
Orc:1:    layout_caves, serial_shops, shop, uniq_sonja

Skill      XL: |  1  2  3  4  5  6  7  8  9 10 11 |
---------------+----------------------------------+-----
Armour         | 1 |  1.8
Fighting       | 1 2 3 4 5 7 8 9 |  9.3
Dodging        | 3 |  3.1
Evocations     | 1 2 3 4 6 7 |  7.4
Axes           | 1 2 3 5 6 8 10 | 10.8
Invocations    | 3 7 9 10 | 10.5
Stealth        | |  2.4
Spellcasting   | |  1.8
Conjurations   | |  0.8
Ice Magic      | |  2.7

Action                   |  1- 3 |  4- 6 |  7- 9 | 10-12 || total
-------------------------+-------+-------+-------+-------++-------
Melee: Club              |    23 |       |       |       ||    23
       Whip              |   145 |       |       |       ||   145
       War axe           |     2 |    73 |     4 |       ||    79
       Trident           |       |       |   339 |   284 ||   623
Throw: Dart              |       |       |     1 |    14 ||    15
 Cast: Freeze            |    37 |     6 |       |       ||    43
       Ozocubu's Armour  |       |       |       |     1 ||     1
Invok: Lesser Servant of |       |       |       |     1 ||     1
 Abil: Evoke Berserk Rag |       |     6 |    25 |    17 ||    48
       Heal Wounds       |       |     1 |     3 |     4 ||     8
Evoke: Wand              |     2 |    18 |    10 |     6 ||    36
       Sack of spiders   |       |       |       |     1 ||     1
  Use: Scroll            |     5 |       |    11 |     6 ||    22
       Potion            |     2 |     7 |     9 |     4 ||    22
 Stab: Sleeping          |       |       |     7 |     3 ||    10
       Invisible         |       |       |     1 |       ||     1
       Distracted        |       |       |       |     3 ||     3
  Eat: Chunk             |     2 |     4 |    26 |    24 ||    56
       Ration            |     1 |     1 |     3 |     1 ||     6
Armor: Robe              |     9 |    16 |    84 |    57 ||   166
       Chain mail        |    29 |       |       |       ||    29
       Scale mail        |    71 |       |       |       ||    71
Dodge: Dodged            |   110 |    79 |   193 |   122 ||   504
Block: Other             |       |       |       |    40 ||    40
